 Dungeon Crawl Stone Soup version 0.27-a0-1228-gfd60fd639a (webtiles) character file.

Game seed: 17276189317406517853

52 Shayle the Grasshopper (level 3, -2/28 HPs)
             Began as a Demonspawn Warper on June 7, 2021.
             Slain by Terence
             ... wielding a +0 trident
              (6 damage)
             ... on level 2 of the Dungeon.
             The game lasted 00:03:33 (1853 turns).

Shayle the Grasshopper (Demonspawn Warper)          Turns: 1853, Time: 00:03:34

Health: -2/28      AC:  4    Str: 11    XL:     3   Next: 60%
Magic:  6/6        EV: 12    Int: 15    God:
Gold:   60         SH:  0    Dex: 12    Spells: 6/6 levels left

rFire    . . .     SeeInvis .   a - +0 falchion
rCold    . . .     Faith    .   (no shield)
rNeg     . . .     Spirit   .   b - +0 leather armour
rPois    .         Reflect  .   (no helmet)
rElec    .         Harm     .   (no cloak)
rCorr    .         Rampage  .   l - +0 pair of gloves
Will     .....                  (no boots)
Stlth    +.........             (no amulet)
HPRegen  0.09/turn              (no ring)
MPRegen  0.10/turn              (no ring)

@: no status effects
A: talons 1, powered by death 1
a: no special abilities


You were on level 2 of the Dungeon.
You visited 1 branch of the dungeon, and saw 3 of its levels.

You collected 60 gold pieces.

Inventory:

Hand Weapons
 a - a +0 falchion (weapon)
Missiles
 f - 52 sling bullets
Armour
 b - a +0 leather armour (worn)
 l - a +0 pair of gloves (worn)
Scrolls
 c - a scroll of holy word {unknown}
 d - 2 scrolls of blinking
 j - a scroll of identify {unknown}
 m - a scroll of enchant weapon {unknown}
 n - a scroll of vulnerability {unknown}
 o - a scroll of noise {unknown}
Potions
 g - 3 potions of haste {unknown}
 h - a potion of curing {unknown}
 i - 3 potions of flight {unknown}
 k - a potion of berserk rage {unknown}


   Skills:
 + Level 2.6 Fighting
 + Level 2.4 Long Blades
 - Level 0.8 Throwing
 + Level 1.7 Armour
 + Level 2.3 Dodging
 - Level 2.0 Spellcasting
 - Level 2.6 Translocations


You had 6 spell levels left.
You didn't know any spells.
Your spell library contained the following spells:

 Spells                   Type           Power      Damage    Failure   Level
 Blink                    Tloc           N/A        N/A       14%         2
 Gell's Gravitas          Tloc           4%         N/A       28%         3
 Lesser Beckoning         Tloc           4%         N/A       28%         3
 Teleport Other           Tloc           9%         N/A       28%         3
 Manifold Assault         Tloc           9%         N/A       95%         5


Dungeon Overview and Level Annotations

Branches:
Dungeon (3/15)

Altars:

Annotations:
D:2 Terence


Innate Abilities, Weirdness & Mutations

You have sharp toenails.
You regenerate a little health from kills.


Message History

An orc comes into view. It is wielding a +0 hand axe.
There is a stone staircase leading up here.
The orc shouts! x2
The adder closely misses you.
You riposte.
You hit the adder. Your kick misses the adder.
The adder is severely wounded.
The orc priest looks satisfied for a moment.
The adder barely misses you.
You climb upwards.
Level annotation: Terence
There is a stone staircase leading down here.
The adder bites you but does no damage.
There is a stone staircase leading up here.
The adder bites you but does no damage.
You see here a rat skeleton.
The adder barely misses you.
You hit the adder.
You kill the adder!
Terence hits you from afar with a +0 trident.
Terence closely misses you.
Things that are here:
an adder corpse; a rat skeleton You hit Terence but do no damage.
You claw Terence.
Terence is lightly wounded.
Terence hits you with a +0 trident!
You hit Terence.
Terence is moderately wounded.
Terence barely misses you.
You barely miss Terence. You claw Terence, but do no damage.
Terence is moderately wounded.
Terence misses you. Terence hits you with a +0 trident.
Okay, then.
Unknown command.
Terence hits you from afar with a +0 trident!
* * * LOW HITPOINT WARNING * * *
Blink to where?
Press: ? - help, Dir - move target
As you read the scroll of blinking, it crumbles to dust.
Terence hits you from afar with a +0 trident.
You die...

####@ .## #.... ..# #.##. #.#
### #@##. #.# ##.## #.... ..#
##.#.###..#. #.#
##.###.##..#. #...# #.#
#.##......... #.#.#
###@#####>#.#.#####. #.#.#
#.....# ##...## #. ###.#.##
#..@..#####.#### #. ......
#§.....†<>.....####. #...#
#.....##...###.#.... #..#
###...[.##....##.#.#..
#..#####....#........##.#...#
#........##...###....##.##.##
#.##########.## #..####......


You could see Terence.

Vanquished Creatures
  A gnoll (D:1)
  2 adders (D:2)
  A dart slug (D:2)
  2 endoplasms
  A giant cockroach (D:2)
  3 goblins
  2 hobgoblins (D:1)
  A jackal (D:2)
  A quokka (D:1)
  A ball python (D:2)
  2 frilled lizards (D:1)
  3 kobolds (D:1)
  3 rats
23 creatures vanquished.

Notes
Turn   | Place    | Note
-------+----------+-------------------------------------------
     0 | D:1      | Shayle the Demonspawn Warper began the quest for the Orb.
     0 | D:1      | Reached XP level 1. HP: 16/16 MP: 3/3
    69 | D:1      | Reached skill level 1 in Armour
   144 | D:1      | Found a faded altar of an unknown god.
   530 | D:1      | Gained mutation: You have sharp toenails. [demonic
                  | ancestry]
   530 | D:1      | Reached XP level 2. HP: 14/22 MP: 5/5
  1541 | D:2      | Gained mutation: You regenerate a little health from kills.
                  | [demonic ancestry]
  1541 | D:2      | Reached XP level 3. HP: 19/28 MP: 6/6
  1793 | D:2      | Noticed Terence
  1853 | D:2      | Slain by Terence

Illustrated notes

Levels and vault maps discovered:
D:1:      lightli_arrival_lavapool, layout_basic,
          ebering_ecumenical_altar_abandoned
D:2:      layout_loops_ring, uniq_terence
D:3:      layout_rooms, grunt_gozag_statues, tgw_kikubaaqudgha,
          ebering_ghost_disaster_area, serial_shops, shop_statue

Skill      XL: |  1 |
---------------+----+-----
Armour         | 1 |  1.7
Long Blades    | 2 |  2.4
Dodging        | 2 |  2.3
Fighting       | |  2.6
Throwing       | |  0.8
Spellcasting   | |  2.0
Translocations | |  2.6

Action                   || total
-------------------------++-------
Melee: Falchion          ||    65
       Kick              ||    15
Throw: Boomerang         ||     5
  Use: Scroll            ||     1
Armor: Leather armour    ||    18
Dodge: Dodged            ||    55
       Rpst.: Falchion   ||    19

Table legend: (Time is in decaauts)
 A = Elapsed time spent in this place.
 B = Non-inter-level travel time spent in this place.
 C = Inter-level travel time spent in this place.
 D = Time resting spent in this place.
 E = Time spent auto-exploring this place.
 F = Levels seen in this place.
 G = Mean time per level.
                   A        B        C        D        E       F      G
               +--------+--------+--------+--------+--------+-----+--------+
         Total |   1867 |   1851 |     16 |     92 |   1412 |   3 |  622.3 |
       Dungeon |   1867 |   1851 |     16 |     92 |   1412 |   3 |  622.3 |
               +--------+--------+--------+--------+--------+-----+--------+

Top non-repeatable levels by time:
     D:1: 1485 daAuts
     D:2: 378 daAuts
     D:3: 3 daAuts
